AoeStats
← 飛衫走奶

Black Forest

510374406Analyzed
4v4 RM · 24h ago on Sep 30, 2026· 39m 45s· 8 players
Game mode
Random Map
Map size
Large (8 player)
Population
200
Speed
Normal
Resources
Standard
Victory
Conquest
Starting age
Dark Age
Ending age
Imperial Age
RankedLock teamsTeams togetherTeam positionsShared explorationLock speedFull tech treeHidden civsTurbo modeCheats
Victory
Defeat
1492
+13
🇧🇷 Romans · Brazil
1484
+14
🇨🇳 Persians · China
1463
+14
🇩🇪 Japanese · Germany
1435
+15
🇨🇳 Jurchens · China
1470
-16
🇹🇼 Mongols · Taiwan
1434
-14
🇹🇼 Varangians · Taiwan
1431
-14
🇨🇳 Britons · China
1383
-12
阿扁elephant多錢
4:52 Loom
11:54 Feudal Age
13:23 Double-Bit Axe
13:22 Horse Collar
16:14 Castle Age
17:30 Bow Saw
17:47 Heavy Plow
24:02 Wheelbarrow
25:40 Hand Cart
29:38 Imperial Age
27:38 Scale Barding Armor
27:44 Forging
28:18 Gold Mining
28:18 Stone Mining
29:13 Chain Barding Armor
29:46 Iron Casting
29:29 Vendel Legacy
31:25 Conscription
30:59 Elite Jarl
33:28 Plate Barding Armor
33:24 Husbandry
35:42 Blast Furnace
35:14 Caravan
34:39 Light Cavalry
36:17 Bloodlines
36:26 Hussar
37:51 Cavalier
恩底弥翁之鹰
0:27 Loom
11:36 Feudal Age
16:16 Castle Age
15:22 Double-Bit Axe
15:22 Horse Collar
16:44 Wheelbarrow
24:05 Heavy Plow
24:26 Bow Saw
28:54 Stone Mining
28:56 Gold Mining
32:06 Imperial Age
29:56 Hand Cart
32:26 Scale Barding Armor
32:32 Forging
33:13 Conscription
32:48 Elite Iron Pagoda
34:59 Two-Man Saw
34:34 Crop Rotation
34:31 Thunderclap Bombs
37:05 Scale Barding Armor
37:11 Forging
36:59 Heavy Rocket Cart
38:59 Chain Barding Armor
38:40 Scale Mail Armor
39:23 Iron Casting
40:23 Plate Barding Armor
飛衫走奶
10:28 Feudal Age
14:32 Castle Age
12:52 Loom
13:29 Double-Bit Axe
13:25 Horse Collar
16:18 Wheelbarrow
22:19 Heavy Plow
22:56 Fletching
23:38 Bow Saw
23:25 Gold Mining
23:36 Stone Mining
28:27 Imperial Age
27:50 Gold Shaft Mining
27:59 Stone Shaft Mining
28:05 Hand Cart
28:55 Bodkin Arrow
29:29 Ballistics
29:07 Murder Holes
29:38 Elite Mangudai
30:41 Conscription
30:48 Bracer
30:49 Padded Archer Armor
32:24 Leather Archer Armor
32:21 Forging
32:17 Scale Barding Armor
34:06 Drill
33:49 Nomads
34:28 Iron Casting
34:14 Chain Barding Armor
帝国孙笑川
11:56 Feudal Age
13:24 Double-Bit Axe
16:33 Castle Age
15:21 Gold Mining
17:17 Fletching
18:54 Bow Saw
19:13 Loom
19:29 Bodkin Arrow
27:24 Imperial Age
25:36 Padded Archer Armor
26:49 Leather Archer Armor
27:46 Ballistics
28:24 Bracer
29:34 Chemistry
31:25 Conscription
32:44 Stone Mining
33:51 Scale Mail Armor
34:55 Pikeman
35:35 Squires
35:51 Chain Mail Armor
35:47 Forging
35:38 Halberdier
GAX | This Game Isnt Fun
1:06 Loom
12:30 Feudal Age
16:26 Castle Age
14:30 Double-Bit Axe
15:06 Horse Collar
20:14 Fletching
30:15 Masonry
31:23 Bodkin Arrow
31:30 Padded Archer Armor
35:35 Imperial Age
33:09 Elite Skirmisher
35:13 Wheelbarrow
35:46 Ballistics
35:44 Leather Archer Armor
36:06 Gold Mining
36:57 Conscription
36:42 Bracer
38:39 Chemistry
39:25 Ring Archer Armor
the_kiri
1:22 Loom
11:24 Feudal Age
15:29 Castle Age
13:22 Town Watch
13:42 Double-Bit Axe
15:21 Horse Collar
16:25 Bow Saw
23:01 Wheelbarrow
24:19 Town Patrol
25:53 Hand Cart
30:37 Imperial Age
28:25 Fletching
28:45 Heavy Plow
29:47 Bodkin Arrow
30:16 Husbandry
30:27 Bloodlines
31:09 Thumb Ring
31:20 Caravan
31:54 Bracer
32:40 Ballistics
33:07 Padded Archer Armor
36:00 Parthian Tactics
36:11 Conscription
37:45 Chemistry
37:20 Leather Archer Armor
40:05 Kataparuto
40:28 Siege Engineers
MAZZUCCO
10:47 Feudal Age
12:29 Double-Bit Axe
15:22 Castle Age
13:54 Horse Collar
14:06 Gold Mining
16:30 Bow Saw
16:08 Loom
20:22 Wheelbarrow
28:50 Imperial Age
27:45 Hand Cart
28:33 Caravan
29:08 Heavy Scorpion
29:19 Capped Ram
30:59 Ballistics
31:41 Chemistry
31:41 Siege Engineers
32:44 Siege Ram
35:18 Masonry
35:01 Fletching
36:14 Ballistas
丙酮酸嗦话梅
10:34 Feudal Age
11:08 Double-Bit Axe
13:57 Castle Age
12:05 Horse Collar
15:31 Bow Saw
20:16 Wheelbarrow
20:21 Heavy Plow
20:40 Town Watch
21:52 Stone Mining
22:35 Loom
23:06 Hand Cart
23:21 Gold Mining
25:22 Town Patrol
25:48 Bloodlines
25:38 Husbandry
26:41 Gold Shaft Mining
29:18 Imperial Age
27:19 Scale Barding Armor
28:28 Stone Shaft Mining
28:31 Forging
29:29 Chain Barding Armor
29:23 Masonry
30:31 Conscription
30:31 Guilds
31:06 Plate Barding Armor
31:06 Iron Casting
31:22 Elite War Elephant
32:55 Architecture
34:46 Blast Furnace
34:57 Two-Man Saw
35:26 Caravan
35:51 Devotion
38:19 Chemistry
38:27 Crop Rotation
38:36 Faith
Connection lost

Rejoining the realm…

Still unreachable

The connection could not be restored.

Session expired

The server has moved on; the page needs a fresh start.